Unix NetHack Version 5.0.0-0 post-release - last build May 31 2026 23:59:36 (970b52f25bf058293b47ddfd14a1e40e571c508c,branch:main).

Game began 2026-06-09 19:41:29, ended 2026-06-09 19:54:04.

Fletchius, lawful male dwarven Archeologist

                        --------------------------------
                        |..............................|
                        |...------+-----.----..-----...|
                        |...|(((|  |%%.-.| .|--|(!%|...|               -------
                        |...|((.|  |%!.|.-..|  |*.@|...|              #......|
                        |...|?..|-------.---|  |@B/|...|              #|.....|
                        |...---|-...........--+--|--...|              #|.....|
                        |..............................|              #|.....|
       ------           |........{.--|----.{...........|              #-------
       |....-###########...........|.....|.............|             ###
       |....|          #|...-|---..|.....|....-|---....|              #
       |.<..|           |...|...||-|.._..|.--||@..|---.|              #
       ------           |...|+++|........|    |(((|..-.|              #
                        |...|+++|..|------    |]((|..|.|              #
                        |...--------       -----------.-#   ----------#
                        |..............................|#   |.>......|#
                        --------------------------------####-........|#
                                                        ##  |....*....#
                                                            ----------

Fletchius the Field Worker  St:12 Dx:9 Co:15 In:14 Wi:16 Ch:9  Lawful
Dlvl:6  $:2625 HP:0(29) Pw:7(7) AC:7  Xp:3 T:1504 

Latest messages:
 You see here an oil lamp (for sale, 13 zorkmids).
 You see here an oil lamp (for sale, 13 zorkmids).
 You see here an oil lamp (for sale, 13 zorkmids).
 You see here a candle (for sale, 27 zorkmids).
 You see here 6 candles (for sale, 162 zorkmids).
 "Hello, Fletchius!  Welcome again to Adjama's general store!"
 You see here a sack (for sale, 3 zorkmids).
 You see here a brilliant blue potion (for sale, 27 zorkmids).
 You see here 2 apples (for sale, 18 zorkmids).
 You see here a visored helmet (for sale, 120 zorkmids).
 You see here a pair of padded gloves (for sale, 67 zorkmids).
 What do you want to drop? [$a-df-kqrtuwzAC-GJ or ?*] ?
 You drop a ruby.
 Adjama offers 1750 gold pieces for your ruby.  Sell it? [ynaq] (n) y
 You sold a ruby for 1750 gold pieces.
 You see here a pair of padded gloves (for sale, 67 zorkmids).
 "For you, esteemed sir; only 67 zorkmids for this pair of padded gloves."
 L - a pair of padded gloves (unpaid, 67 zorkmids).
 You see here a visored helmet (for sale, 120 zorkmids).
 "For you, good sir; only 120 zorkmids for this visored helmet."
 M - a visored helmet (unpaid, 120 zorkmids).
 What do you want to drop? [$a-df-kqrtuwzAC-GJLM or ?*] ?
 What do you want to drop? [$a-df-kqrtuwzAC-GJLM or ?*] <space>
 Never mind.
 You bought a visored helmet for 120 gold pieces.
 You bought a pair of padded gloves for 67 gold pieces.
 "Thank you for shopping in Adjama's general store!"
 What do you want to drop? [$a-df-kqrtuwzAC-GJLM or ?*] ?
 You drop a ruby.
 Adjama offers only 997 gold pieces for your ruby.  Sell it? [ynaq] (n) y
 You sold a ruby for 997 gold pieces.
 The giant bat bites!
 The giant bat bites!
 What do you want to wield? [- a or ?*] a
 a - a +2 bullwhip (weapon in right hand).
 You have no secondary weapon readied.
 The giant bat bites!
 The giant bat bites!
 You miss the giant bat.
 The giant bat bites!
 You miss the giant bat.
 The giant bat bites!
 The giant bat bites!
 You lash the giant bat.
 The giant bat bites!
 The giant bat bites!
 You die...
 Adjama gratefully inherits all your possessions.
 Izchak looks at your corpse and sighs.
 Do you want to see what you had when you died? [ynq] (y) q

Inventory:
 Coins    ('$')
  $ - 2625 gold pieces
 Weapons  (')')
  a - a +2 bullwhip (weapon in right hand)
 Armor    ('[')
  c - an uncursed +0 fedora (being worn)
  M - a blessed +4 helm of telepathy
  q - a blessed +3 orcish helm
  L - an uncursed +0 pair of gauntlets of power
  D - an uncursed +1 pair of leather gloves (being worn)
  b - a blessed +0 leather jacket (being worn)
 Comestibles  ('%')
  k - an uncursed banana
  d - 3 uncursed food rations
 Scrolls  ('?')
  t - a blessed scroll of destroy armor
  E - an uncursed scroll of light
  z - a cursed scroll of magic mapping
  u - an uncursed scroll of remove curse
 Spellbooks  ('+')
  j - an uncursed spellbook of chain lightning
 Potions  ('!')
  F - an uncursed potion of oil
 Rings    ('=')
  C - a cursed -1 ring of increase damage
 Tools    ('(')
  G - an empty uncursed bag of holding
  h - an uncursed sack containing 1 item
  J - an uncursed lock pick
  w - an uncursed magic whistle
  i - an uncursed oil lamp
  r - an uncursed tin whistle
  f - a tinning kit (0:93)
 Gems/Stones  ('*')
  g - an uncursed touchstone

Contents of the sack:
  a +0 pick-axe

Fletchius the Archeologist's attributes:

Background:
 You were a Field Worker, a level 3 male dwarven Archeologist.
 You were lawful, on a mission for Quetzalcoatl
 who was opposed by Camaxtli (neutral) and Huhetotl (chaotic).
 You were right-handed.
 You were in the Gnomish Mines, on level 6.
 You entered the dungeon 1504 turns ago.
 You had 41 experience points, 39 more were needed to attain level 4.

Basics:
 You had 0 out of 29 hit points.
 You had all 7 energy points (spell power).
 Your armor class was 7.
 Your wallet contained 2625 zorkmids.
 Autopickup was off.

Final Characteristics:
 Your strength was 12 (limit:18/100).
 Your dexterity was 9 (limit:20).
 Your constitution was 15 (limit:20).
 Your intelligence was 14 (limit:16).
 Your wisdom was 16 (limit:16).
 Your charisma was 9 (limit:16).

Final Status:
 You weren't hungry.
 You were unencumbered.
 You were wielding a whip.
 You had basic skill with whip.

Final Attributes:
 You were devoutly aligned.
 You had automatic searching.
 You had infravision.
 You were lucky.
 You are dead.

Miscellaneous:
 You didn't encounter any bones levels.
 Total elapsed playing time was 12 minutes and 34 seconds.

Major events:
 Turn
    1: Fletchius the lawful male dwarven Archeologist entered the dungeon
  547: entered the Gnomish Mines
 1297: reached Mine Town
 1432: attained the rank of Field Worker (level 3)
 1504: killed by a giant bat

You didn't know any spells.

Skills:
 Fighting Skills
   bare handed combat [Unskilled]
   two weapon combat  [Unskilled]
   riding             [Unskilled]
 Weapon Skills
   dagger             [Unskilled]
   knife              [Unskilled]
   pick-axe           [Basic]
   short sword        [Unskilled]
   saber              [Unskilled]
   club               [Unskilled]
   quarterstaff       [Unskilled]
   sling              [Unskilled]
   dart               [Unskilled]
   boomerang          [Unskilled]
   whip               [Basic]
   unicorn horn       [Unskilled]
 Spellcasting Skills
   attack spells      [Unskilled]
   healing spells     [Unskilled]
   divination spells  [Unskilled]
   matter spells      [Unskilled]

Voluntary challenges:
 Character rerolling was not enabled.
 You never genocided any monsters.
 You never polymorphed an object.
 You never changed form.
 You used no wishes.
Achievements:
 You entered the Gnomish Mines.
 You entered Minetown.
 You entered a shop.
 You entered a temple.
 You attained the rank of Field Worker.

 The Dungeons of Doom: levels 1 to 2
    Level 1:
       An altar, a fountain.
    Level 2:
       Stairs down to The Gnomish Mines.
 The Gnomish Mines: levels 3 to 6
    Level 3:
    Level 4:
    Level 5:
    Level 6: <- You were here.
       Many shops, a temple and an altar, some fountains.
       Final resting place for
          you, killed by a giant bat.


Vanquished creatures:
  a kitten
  2 iguanas
  2 cave spiders
  a gnome
  2 geckos
  2 jackals
  a fox
  2 goblins
  a sewer rat
  3 grid bugs
  a lichen
  a kobold zombie
  4 newts
23 creatures vanquished.

No species were genocided or became extinct.

Game over:
                       ----------
                      /          \
                     /    REST    \
                    /      IN      \
                   /     PEACE      \
                  /                  \
                  |    Fletchius     |
                  |       0 Au       |
                  |   killed by a    |
                  |    giant bat     |
                  |                  |
                  |                  |
                  |       2026       |
                 *|     *  *  *      | *
        _________)/\\_//(\/(/\)/\//\/|_)_______

Goodbye Fletchius the Archeologist...

You died in The Gnomish Mines on dungeon level 6 with 424 points,
and 0 pieces of gold, after 1504 moves.
You were level 3 with a maximum of 29 hit points when you died.

